 Dungeon Crawl Stone Soup version 0.30.0-19-g36f170ea60 (webtiles) character file.

Game seed: 8309495062671419160

26016 Jannitor the Nimble (level 13, -15/97 HPs)
             Began as a Djinni Delver on May 27, 2023.
             Was an Elder of Zin.
             Demolished by a cyclops (25 damage)
             ... on level 12 of the Dungeon on May 28, 2023.
             The game lasted 00:31:48 (15287 turns).

Jannitor the Nimble (Djinni Delver)                Turns: 15287, Time: 00:31:49

Health: -15/97     AC: 12    Str: 16    XL:     13   Next: 54%
Gold:   928        EV: 23    Int: 19    God:    Zin [****..] SH:  0 Dex: 18

rFire   + + .        i - +0 scimitar (flame)
rCold   x . .        (no shield)
rNeg    . . .        p - +0 acid dragon scales
rPois   ∞            n - +2 helmet
rElec   .            m - +0 cloak
rCorr   +            (no gloves)
SInv    +            (boots unavailable)
Will    +....        (no amulet)
Stlth   +++          f - ring "Gypsuhep" {EV+5 Int+3 Dex-2 Slay+5 SInv}
HPRegen 0.36/turn    o - +4 ring of slaying
MPRegen 0.00/turn

%: infuse magic (-16 HP)
@: vitalised, on recite cooldown, flying
A: sickness immunity, fire resistance 2, cold vulnerability 1, float, innate
caster, HP casting, extra vitality 1
a: Renounce Religion, Recite, Vitalisation, Imprison, Donate Gold


You were on level 12 of the Dungeon.
You worshipped Zin.
Zin was greatly pleased with you.
You visited 2 branches of the dungeon, and saw 14 of its levels.

You collected 1340 gold pieces.
You spent 60 gold pieces at shops.
You donated 352 gold pieces to Zin.

Inventory:

Hand Weapons
 a - a +0 falchion
 h - a +0 long sword
 i - a +0 scimitar of flaming (weapon)
 E - a +1 heavy great sword
Missiles
 j - a curare-tipped dart (quivered)
 A - 5 throwing nets
Armour
 m - a +0 cloak (worn)
 n - a +2 helmet (worn)
 p - +0 acid dragon scales (worn)
Jewellery
 f - the ring "Gypsuhep" (left hand) {EV+5 Int+3 Dex-2 Slay+5 SInv}
   (You acquired it on level 8 of the Dungeon)

   [ring of evasion]

   EV:        It affects your evasion (+5).
   Int:       It affects your intelligence (+3).
   Dex:       It affects your dexterity (-2).
   Slay:      It affects your accuracy & damage with ranged weapons and melee
   (+5).
   SInv:      It lets you see invisible.
 o - a +4 ring of slaying (right hand)
 r - a ring of wizardry
 s - a ring of see invisible
 y - a ring of positive energy
 F - a +4 ring of protection
Wands
 g - a wand of digging (3)
 q - a wand of charming (12)
Scrolls
 c - 3 scrolls of fog
 d - a scroll of magic mapping
 t - a scroll of vulnerability
 v - a scroll of amnesia
 z - 2 scrolls of noise
 B - a scroll of torment {unknown}
 G - 4 scrolls of identify
Potions
 e - a potion of magic
 k - 2 potions of brilliance {unknown}
 l - 6 potions of ambrosia
 u - a potion of mutation {unknown}
 w - a potion of lignification {unknown}
 x - 2 potions of cancellation {unknown}
 C - a potion of flight {unknown}
 D - 4 potions of invisibility


   Skills:
 + Level 10.5 Fighting
 + Level 9.4 Long Blades
 + Level 8.2 Armour
 + Level 11.1 Dodging
 - Level 6.5 Stealth
 - Level 1.2 Spellcasting
 + Level 9.7 Invocations


You knew the following spells:

 Your Spells              Type           Power      Damage    Failure   Level
a - Beastly Appendage     Tmut           12%        N/A       14%         1
b - Ensorcelled Hibernat  Hex/Ice        12%        N/A       22%         2
c - Scorch                Fire           12%        2d6       22%         2
d - Summon Guardian Gole  Hex/Summ       6%         N/A       38%         3
e - Irradiate             Conj/Tmut      3%         3d12      98%         5
f - Metabolic Englaciati  Hex/Ice        3%         N/A       98%         5
Your spell library was empty.

Dungeon Overview and Level Annotations

Branches:
Dungeon (12/15)            Temple (0/1) D:7            Lair (0/5) D:11
    Orc (2/2) D:10            Elf (0/3) Orc:2

Altars:
Cheibriados
Dithmenos
Gozag
Hepliaklqana
Okawaru
Qazlal
Ru
Wu Jian
Xom
Zin

Shops:
D:9 (   D:10 (   Orc:2 :(!:(

Annotations:
D:2 1 runed translucent door, Crazy Yiuf
D:5 Ijyb
D:11 1 runed translucent door, Jiex's ghost, journeyman BaFi
D:12 3 runed translucent doors, laial's ghost, journeyman AtFi


Innate Abilities, Weirdness & Mutations

You are immune to sickness and miasma.
You are immune to poison.
Your flesh is very heat resistant. (rF++)
You are vulnerable to cold. (rC-)
You float through the air rather than walking.
You learn spells naturally, not from books.
Your magical power is your life essence.
You have superior vitality. (+4 MHP)


Message History

Zin releases the cyclops from its prison.
The slime creature completely misses you.
The orc wizard hits you but does no damage.
You slash the slime creature! You burn the slime creature.
You kill the slime creature!
The cyclops throws a large rock.
The large rock barely misses you.
The large rock hits the orc wizard!
You slash the orc wizard! You burn the orc wizard.
You kill the orc wizard!
The cyclops throws a large rock.
The large rock completely misses you.
The large rock hits the orc!!!
The orc dies!
Items here: )) [ †.
You slash the orc! You burn the orc.
You kill the orc!
The cyclops throws a large rock.
The large rock hits you.
You slash the orc! You burn the orc.
You kill the orc!
Activating: Recite (0% risk of failure)
Press: ? - help, Dir - look around, f - activate You clear your throat and prepare to recite. "The voice of Zin, pure and clear, did say that the forces of darkness..."
Unknown command. "...were not reverent!
And hearing this, the people rose up..."
The cyclops hits you!!
* * * LOW HITPOINT WARNING * * *
Things that are here:
a +0 dagger; a +0 robe You slice the cyclops!!
You burn the cyclops!
The cyclops is severely wounded. "...and embraced reverence, for they feared Zin's wrath."
The cyclops is dazed by your recitation.
You finish reciting Anathema 2:6.
The cyclops is lost in a daze.
You barely miss the cyclops.
The cyclops is severely wounded.
You slash the cyclops! You burn the cyclops.
The cyclops is almost dead.
The cyclops hits you!!
You die...

#.....##).....# #....
#.#...## #### #...#..#
#####..###.######.
.......###........ #
##.............. .##
.....#.###############....
######.###### #§...l....
#...)C@#####>^.o.....
######))).....)§.....
#######...l.o...
#...§..... ##########


You could see a cyclops (dazed).

Vanquished Creatures
  Harold (D:9)
  Erica (D:9)
  A two-headed ogre (D:10)
  2 boulder beetles
  3 orc high priests (Orc:2)
  Amaemon (D:9)
  Pikel (D:6)
  6 orc knights
  5 orc sorcerers
  A deep elf pyromancer (D:12)
  A manticore (D:12)
  An ugly thing (D:8)
  An oklob plant (D:11)
  Joseph (D:8)
  An orange demon (D:9)
  An unseen horror (D:11)
  Psyche (D:8)
  A komodo dragon (D:8)
  6 trolls
  2 hornets
  A queen bee (D:11)
  9 slime creatures (D:12)
  Sigmund (D:2)
  2 wraiths
  2 shadows
  A vampire (D:12)
  12 yaks
  Grum (D:10)
  3 steam dragons
  A warg (D:10)
  2 acid dragons
  13 orc warriors
  3 black bears
  4 sky beasts
  4 ogres
  2 wolves (D:10)
  6 centaurs
  A lemure (D:6)
  2 bullfrogs
  3 gnoll sergeants
  A kobold brigand (D:9)
  A scorpion (D:3)
  4 wights (D:8)
  29 killer bees
  6 howler monkeys
  3 hounds
  A jelly (D:7)
  10 orc priests
  2 gnoll boudas (D:8)
  A sleepcap (D:6)
  6 iguanas
  19 orc wizards
  Robin (D:2)
  3 adders
  14 gnolls
  2 worms (D:3)
  3 dart slugs
  51 orcs
  3 endoplasms
  4 giant cockroaches
  19 goblins
  12 hobgoblins
  5 jackals
  8 kobolds
  A quokka (D:2)
  9 ball pythons
  7 bats
  8 frilled lizards
  3 rats
347 creatures vanquished.

Vanquished Creatures (collateral kills)
  Blork the orc (D:6)
  A gnoll (D:9)
2 creatures vanquished.

Vanquished Creatures (others)
  A basilisk (D:12)
  A warg (Orc:2)
  A black bear (D:7)
  A gnoll sergeant (D:9)
  2 orc priests
  2 orc wizards
  An orc (D:12)
  3 goblins (D:2)
12 creatures vanquished.

Grand Total: 361 creatures vanquished

Notes
Turn   | Place    | Note
-------+----------+-------------------------------------------
     0 | D:5      | Jannitor the Djinni Delver began the quest for the Orb.
     0 | D:5      | Reached XP level 1. HP: 20/20 MP: 0/0
     0 | D:5      | Found a sacrificial altar of Ru.
    49 | D:5      | Noticed an iguana
    58 | D:4      | Noticed an orc wizard
    58 | D:4      | Noticed an orc wizard
   158 | D:2      | Reached XP level 2. HP: 10/25 MP: 0/0
   533 | D:1      | Reached XP level 3. HP: 30/30 MP: 0/0
   533 | D:1      | Learned a level 1 spell: Beastly Appendage
  1006 | D:2      | Noticed Robin
  1015 | D:2      | Killed Robin
  1016 | D:2      | Reached XP level 4. HP: 30/35 MP: 0/0
  1033 | D:2      | Noticed Sigmund
  1106 | D:2      | Killed Sigmund
  1107 | D:2      | Reached skill level 3 in Dodging
  1107 | D:2      | Reached skill level 1 in Spellcasting
  1107 | D:2      | Reached XP level 5. HP: 22/41 MP: 0/0
  1107 | D:2      | Learned a level 2 spell: Ensorcelled Hibernation
  1387 | D:2      | Reached XP level 6. HP: 41/47 MP: 0/0
  1450 | D:2      | Found a faded altar of an unknown god.
  1465 | D:2      | Prayed at the altar of an unknown god.
  1465 | D:2      | Became a worshipper of Zin the Law-Giver
  1465 | D:2      | Reached * piety under Zin
  1702 | D:2      | Found a runed translucent door.
  1703 | D:2      | Noticed Crazy Yiuf
  2015 | D:3      | Found a snail-covered altar of Cheibriados.
  2039 | D:3      | Reached ** piety under Zin
  2064 | D:3      | Found a shadowy altar of Dithmenos.
  2328 | D:3      | Found an iron altar of Okawaru.
  2540 | D:3      | Reached skill level 1 in Invocations
  2613 | D:4      | Found an ornate altar of the Wu Jian Council.
  2613 | D:4      | Found an opulent altar of Gozag.
  2665 | D:4      | Reached XP level 7. HP: 49/52 MP: 0/0
  2665 | D:4      | Learned a level 2 spell: Scorch
  2702 | D:4      | Reached skill level 5 in Stealth
  2806 | D:4      | Reached *** piety under Zin
  2910 | D:3      | Reached skill level 4 in Dodging
  3385 | D:5      | Noticed Ijyb
  3583 | D:6      | Noticed a steam dragon
  3624 | D:6      | Noticed Blork the orc
  3631 | D:6      | Noticed Pikel
  3644 | D:6      | Killed Blork the orc
  3645 | D:6      | Reached XP level 8. HP: 12/58 MP: 0/0
  3663 | D:6      | Killed Pikel
  3664 | D:6      | Reached skill level 5 in Fighting
  3664 | D:6      | Reached skill level 5 in Dodging
  3987 | D:6      | Was placed under penance by Zin
  3989 | D:6      | Reached XP level 9. HP: 21/66 MP: 0/0
  3989 | D:6      | Learned a level 3 spell: Summon Guardian Golem
  4547 | D:7      | Found a staircase to the Ecumenical Temple.
  4574 | D:7      | HP: 3/66 [black bear (2)]
  4797 | D:7      | Found a hazy altar of Hepliaklqana.
  4947 | D:7      | Reached skill level 6 in Dodging
  4983 | D:7      | Reached skill level 5 in Long Blades
  5347 | D:8      | Identified a scroll of acquirement
  5348 | D:8      | Acquired the ring "Gypsuhep" {EV+5 Int+3 Dex-2 Slay+5 SInv}
  5378 | D:8      | Noticed a komodo dragon
  5872 | D:7      | Found a stormy altar of Qazlal.
  6083 | D:8      | Reached skill level 1 in Armour
  6097 | D:8      | Killed a komodo dragon
  6098 | D:8      | Reached skill level 5 in Invocations
  6098 | D:8      | Reached XP level 10. HP: 32/73 MP: 0/0
  6234 | D:8      | Noticed Psyche
  6237 | D:8      | Killed Psyche
  6267 | D:8      | Reached skill level 7 in Dodging
  6313 | D:8      | Noticed a boulder beetle
  6316 | D:8      | Was forgiven by Zin
  6405 | D:9      | Noticed Erica
  6426 | D:9      | Killed Erica
  6728 | D:9      | Noticed a +0 demon blade
  6729 | D:9      | Found Wuriphal's Weapon Emporium.
  6733 | D:9      | Noticed a +0 rapier
  6855 | D:9      | Noticed Harold
  7128 | D:8      | Noticed Joseph
  7137 | D:8      | Killed Joseph
  7141 | D:8      | Reached skill level 8 in Dodging
  7141 | D:8      | Reached XP level 11. HP: 51/80 MP: 0/0
  7141 | D:8      | Learned a level 5 spell: Irradiate
  7251 | D:8      | Noticed a green ugly thing
  7260 | D:8      | Killed a green ugly thing
  7374 | D:9      | Found a shimmering altar of Xom.
  7503 | D:9      | Noticed Amaemon
  7571 | D:10     | Entered Level 10 of the Dungeon
  7601 | D:10     | Noticed a two-headed ogre
  8014 | D:8      | Killed a boulder beetle
  8732 | D:9      | Killed Amaemon
  8733 | D:9      | Reached skill level 5 in Armour
  8885 | D:9      | Killed Harold
  8898 | D:9      | HP: 1/82 [acid dragon/splash of acid (29)]
  9245 | D:10     | Killed a two-headed ogre
  9246 | D:10     | Reached skill level 9 in Dodging
  9602 | D:10     | Donated 218 gold pieces to Zin
  9639 | D:10     | Found a staircase to the Orcish Mines.
  9747 | D:10     | Noticed Grum
  9774 | D:10     | Killed Grum
  9787 | D:10     | Reached XP level 12. HP: 26/88 MP: 0/0
  9997 | D:10     | Found Heev Fiu's Antique Weapon Shoppe.
 10542 | D:11     | Noticed a boulder beetle
 10569 | D:11     | Killed a boulder beetle
 10859 | D:11     | Found a runed translucent door.
 11233 | D:11     | Found a staircase to the Lair.
 11414 | D:11     | Noticed Jiex's ghost (journeyman BaFi)
 11450 | Orc:1    | Entered Level 1 of the Orcish Mines
 11475 | Orc:1    | Reached **** piety under Zin
 11770 | Orc:1    | Reached skill level 10 in Dodging
 11807 | Orc:1    | Reached ***** piety under Zin
 11982 | Orc:1    | You are sucked into a shaft and drop 1 floor!
 11982 | Orc:2    | Entered Level 2 of the Orcish Mines
 12131 | Orc:2    | Found a staircase to the Elven Halls.
 12346 | Orc:2    | Found Qemmuroze's Weapon Shoppe.
 13497 | Orc:2    | Noticed an orc high priest
 13533 | Orc:2    | Killed an orc high priest
 13534 | Orc:2    | Reached XP level 13. HP: 96/96 MP: 0/0
 13534 | Orc:2    | Learned a level 5 spell: Metabolic Englaciation
 13857 | Orc:1    | Reached skill level 10 in Fighting
 14038 | Orc:2    | Found Ofum's Book Emporium.
 14038 | Orc:2    | Found Zelanas's Book Boutique.
 14049 | Orc:2    | Found Xexodaci's Distillery.
 14049 | Orc:2    | Found Boaph's Antique Weapon Boutique.
 14089 | Orc:2    | Bought a potion of heal wounds for 60 gold pieces
 14684 | D:12     | Reached skill level 11 in Dodging
 14940 | D:12     | Noticed laial's ghost (journeyman AtFi)
 14942 | D:12     | Found a runed translucent gate.
 14942 | D:12     | Found a runed translucent gate.
 14942 | D:12     | Found a runed translucent gate.
 15287 | D:12     | Demolished by a cyclops

Illustrated notes

Levels and vault maps discovered:
D:1:      dpeg_arrival_houses_and_road, layout_loops_ring
D:2:      layout_rooms, hellmonk_ecumenical_altar_slurped_away,
          hangedman_abyss_or_decor_stabs, uniq_crazy_yiuf_cottage, uniq_sigmund,
          uniq_robin
D:3:      layout_rooms, slow_altar_1, kennysheep_okawaru_gauntlet,
          nicolae_dithmenos_the_darkroom
D:4:      layout_rooms, gammafunk_temple_overflow_elements
D:5:      layout_rooms, nicolae_ru_sacrificial_ziggurat, tso_oasis_becter,
          uniq_ijyb
D:6:      layout_loops_ring, uniq_pikel, uniq_blork_the_orc
D:7:      layout_loops_cross, mainiacjoe_overflow_six_doors_small,
          nicolae_overflow_hidden_temple, minmay_temple_entry_gardened_gates
D:8:      minmay_ornate_pinched, layout_basic, hangedman_glass_teeth,
          minmay_lizard_king, uniq_joseph, uniq_psyche
D:9:      layout_rooms, tgw_xom, serial_shops, nicolae_shop_mannequins,
          uniq_amaemon, uniq_erica, uniq_harold
D:10:     layout_rooms, david_orc_3, serial_shops, shop_fountains, uniq_grum
D:11:     layout_loops_ring, dpeg_oklobed_lair, ebering_ghost_reflecting_pool,
          special_room [special_room_bee], nicolae_kikubaaqudgha_miasma_corner
D:12:     layout_rooms, biasface_ghost_orc_armoury, chequers_hall_statues_y
Orc:1:    layout_caves
Orc:2:    grunt_orc_tribal_feast, layout_caves, serial_shops, shop

Skill      XL: |  1  2  3  4  5  6  7  8  9 10 11 12 13 |
---------------+----------------------------------------+-----
Long Blades    | 2 3 4 5 6 7 8 9 |  9.4
Dodging        | 3 4 5 6 8 9 10 11 | 11.1
Spellcasting   | 1 |  1.2
Fighting       | 4 5 6 7 8 9 10 | 10.5
Invocations    | 1 2 3 5 6 7 9 |  9.7
Stealth        | 5 6 |  6.5
Armour         | 1 4 5 7 8 |  8.2

Action                     |  1- 3 |  4- 6 |  7- 9 | 10-12 | 13-15 || total
---------------------------+-------+-------+-------+-------+-------++-------
  Melee: Long sword        |    75 |   155 |   274 |    26 |       ||   530
         Falchion          |     8 |       |       |       |       ||     8
         Punch             |     1 |     1 |     2 |    13 |     3 ||    20
         Scimitar          |       |       |       |   481 |   180 ||   661
  Throw: Dart              |       |       |       |     3 |       ||     3
 Invoke: Recite            |       |     3 |     7 |    27 |    12 ||    49
         Vitalisation      |       |       |       |     9 |     3 ||    12
         Imprison          |       |       |       |     1 |     1 ||     2
         Donate Gold       |       |       |       |     1 |       ||     1
         Sanctuary         |       |       |       |       |     1 ||     1
  Evoke: Wand              |       |       |     5 |    13 |       ||    18
    Use: Potion            |     2 |     1 |     4 |     6 |     4 ||    17
         Scroll            |       |       |    11 |    12 |       ||    23
   Stab: Sleeping          |     7 |     5 |       |     5 |       ||    17
         Invisible         |     1 |     6 |       |     4 |     1 ||    12
         Distracted        |       |     2 |       |     1 |     1 ||     4
         Confused          |       |     2 |       |     3 |     1 ||     6
         Paralysed         |       |       |       |     7 |     5 ||    12
 Armour: Leather armour    |    33 |    49 |    91 |       |       ||   173
         Scale mail        |       |       |     8 |    14 |       ||    22
         Steam dragon scal |       |       |       |    38 |       ||    38
         Acid dragon scale |       |       |       |    70 |    40 ||   110
  Dodge: Dodged            |    63 |   142 |   252 |   606 |   114 ||  1177
